 Dungeon Crawl Stone Soup version 0.21.0-3-g78d12a8 (webtiles) character file.

55 MTVSty1e the Digger (level 3, -1/20 HPs)
             Began as a Deep Elf Earth Elementalist on Jan 14, 2018.
             Slain by a kobold
             ... wielding a +0 short sword
              (6 damage)
             ... on level 2 of the Dungeon.
             The game lasted 00:02:09 (1046 turns).

MTVSty1e the Digger (Deep Elf Earth Elementalist)   Turns: 1046, Time: 00:02:09

Health: -1/20      AC:  3    Str:  5    XL:     3   Next: 67%
Magic:  5/10       EV: 10    Int: 20    God:
Gold:   79         SH:  6    Dex: 15    Spells: 8/9 levels left

rFire    . . .     SeeInvis .   g - +0 dagger (freeze)
rCold    . . .     Gourm    .   a - +0 shield
rNeg     . . .     Faith    .   c - +0 robe
rPois    .         Spirit   .   (no helmet)
rElec    .         Reflect  .   (no cloak)
rCorr    .         Harm     .   (no gloves)
MR       .....                  p - +0 pair of boots
Stlth    ++........             (no amulet)
HPRegen  0.06/turn              (no ring)
MPRegen  0.12/turn              (no ring)

@: very slightly contaminated
A: no striking features
a: no special abilities


You were on level 2 of the Dungeon.
You were not hungry.

You visited 1 branch of the dungeon, and saw 2 of its levels.

You collected 79 gold pieces.

Inventory:

Hand Weapons
 g - a +0 dagger of freezing (weapon)
Missiles
 b - 38 stones (quivered)
Armour
 a - a +0 shield (worn)
 c - a +0 robe (worn)
 p - a +0 pair of boots (worn)
Jewellery
 h - an uncursed amulet of rage {unknown}
 r - an uncursed ring of poison resistance {unknown}
Scrolls
 f - a scroll of blinking {unknown}
 j - a scroll of remove curse {unknown}
 k - 2 scrolls of identify {unknown}
 n - a scroll of amnesia {unknown}
 o - a scroll of teleportation {unknown}
Potions
 i - a potion of haste {unknown}
 l - a potion of might {unknown}
 m - a potion of agility {unknown}
 q - a potion of cancellation {unknown}
Books
 e - a book of Geomancy

   Spells                             Type                      Level
   a - Sandblast                      Earth                        1
   b - Passwall                       Transmutation/Earth          2
   c - Stone Arrow                    Conjuration/Earth            3
   d - Petrify                        Transmutation/Earth          4
   e - Lee's Rapid Deconstruction     Earth                        5
Comestibles
 d - 2 rations


   Skills:
 + Level 1.0 Fighting
 - Level 2.4 Dodging
 - Level 2.4 Stealth
 + Level 1.0 Shields
 + Level 3.6 Spellcasting
   Level 1.1 Transmutations
 * Level 4.2 Earth Magic


You had 8 spell levels left.
You knew the following spells:

 Your Spells              Type           Power        Failure   Level  Hunger
a - Sandblast             Erth           ###...       14%         1    None


Dungeon Overview and Level Annotations

Branches:
Dungeon (2/15)

Altars:


Message History

* * * LOW HITPOINT WARNING * * *
Casting: Sandblast
Confirm with . or Enter, or press ? or * to list all spells.
Aiming: Sandblast
Press: ? - help, Shift-Dir - straight line, f/p - kobold
Aim: a kobold, wielding a short sword (severely wounded)
You miscast Sandblast.
You are very lightly contaminated with residual magic.
You momentarily stiffen.
You block the kobold's attack.
You are too injured to fight recklessly!
Casting: Sandblast
Confirm with . or Enter, or press ? or * to list all spells.
Aiming: Sandblast
Press: ? - help, Shift-Dir - straight line, f/p - kobold
Aim: a kobold, wielding a short sword (severely wounded)
The blast of sand hits the kobold.
The kobold is severely wounded.
b - 38 stones The kobold hits you with a short sword.
You die...

...# ...# #. ...# .
...# .# ..... # .#
##### .#### ..#
...######.# #.#....K(#
#.....@##
###########.......###.
.......†.....<.........
###########.......#####
##.....## #.....#
.......# #..)....#
#.......#


You could see a kobold.

Vanquished Creatures
  3 adders (D:2)
  2 dart slugs
  3 leopard geckos
  A goblin (D:1)
  2 hobgoblins (D:1)
  5 kobolds
  A quokka (D:2)
  2 frilled lizards (D:1)
  4 rats
23 creatures vanquished.

Notes
Turn   | Place    | Note
-------+----------+-------------------------------------------
     0 | D:1      | MTVSty1e the Deep Elf Earth Elementalist began the quest for the Orb.
     0 | D:1      | Reached XP level 1. HP: 10/10 MP: 6/6
   116 | D:1      | Reached XP level 2. HP: 16/16 MP: 6/8
   163 | D:1      | You fall through a shaft!
   418 | D:1      | Reached XP level 3. HP: 13/20 MP: 7/9
   767 | D:2      | Reached skill level 4 in Earth Magic
   935 | D:2      | Reached skill level 1 in Fighting
   935 | D:2      | Reached skill level 1 in Shields
  1046 | D:2      | Slain by a kobold

Skill      XL: |  1  2  3 |
---------------+----------+-----
Earth Magic    | 4 |  4.2
Fighting       | 1 |  1.0
Shields        | 1 |  1.0
Dodging        | |  2.4
Stealth        | |  2.4
Spellcasting   | |  3.6
Transmutations | |  1.1

Action                   || total
-------------------------++-------
Melee: Dagger            ||    45
 Cast: Sandblast         ||    18
 Stab: Sleeping          ||     4
Armor: Robe              ||    10
Dodge: Dodged            ||    26
Block: Shield            ||     6
